AoeStats
← Quase Nada

Arabia

504029400Analyzed
2v2 RM · 28d ago on Sep 3, 2026· 22m 37s· 4 players
Game mode
Random Map
Map size
Medium (4 player)
Population
200
Speed
Normal
Resources
Standard
Victory
Conquest
Starting age
Dark Age
Ending age
Imperial Age
RankedLock teamsTeams togetherTeam positionsShared explorationLock speedFull tech treeHidden civsTurbo modeCheats
Victory
Defeat
🇫🇷 Teutons · France
940
+15
🇨🇭 Armenians · Switzerland
888
+17
🇧🇷 Mongols · Brazil
970
-19
🇧🇷 Japanese · Brazil
857
-13
LoomBeforeBoar
8:10 Loom
10:10 Feudal Age
10:56 Man-at-Arms
12:23 Long Swordsman
15:10 Scale Mail Armor
19:56 Castle Age
18:45 Pikeman
20:45 Forging
20:02 Two-Handed Swordsman
20:30 Arson
21:35 Gambesons
statere26
5:42 Loom
11:42 Feudal Age
18:14 Castle Age
22:40 Scale Barding Armor
Quase Nada
4:00 Loom
11:53 Feudal Age
12:15 Loom
21:14 Castle Age
20:43 Double-Bit Axe
20:41 Horse Collar
Kishin
2:04 Loom
12:13 Feudal Age
17:35 Wheelbarrow
23:10 Castle Age
22:03 Double-Bit Axe
22:11 Gold Mining
22:12 Horse Collar
Connection lost

Rejoining the realm…

Still unreachable

The connection could not be restored.

Session expired

The server has moved on; the page needs a fresh start.